 Dungeon Crawl Stone Soup version 0.23-a0-650-ga4d50d4 (console) character file.

21 Duffy the Firebug (level 2, -1/19 HPs)
             Began as a Demonspawn Fire Elementalist on Jan 6, 2019.
             Succumbed to an adder's poison
             ... on level 2 of the Dungeon.
             The game lasted 00:01:12 (1471 turns).

Duffy the Firebug (Demonspawn Fire Elementalist)    Turns: 1471, Time: 00:01:13

Health: -1/19      AC:  3    Str: 10 (13) XL:     2   Next: 65%
Magic:  1/5        EV: 12    Int: 14 (16) God:
Gold:   43         SH:  0    Dex: 11 (13) Spells: 4/5 levels left

rFire    . . .     SeeInvis .   (no weapon)
rCold    . . .     Gourm    .   (no shield)
rNeg     . . .     Faith    .   a - +0 robe
rPois    .         Spirit   .   (no helmet)
rElec    .         Reflect  .   (no cloak)
rCorr    .         Harm     .   (no gloves)
MR       .....                  b - +0 pair of boots
Stlth    ++........             (no amulet)
HPRegen  0.06/turn              (no ring)
MPRegen  0.09/turn              (no ring)

@: mighty, lethally poisoned (-1 -> -23), very slightly contaminated
A: powered by death 1
a: no special abilities


You were on level 2 of the Dungeon.
You were not hungry.

You visited 1 branch of the dungeon, and saw 2 of its levels.

You collected 43 gold pieces.

Inventory:

Missiles
 i - 3 curare-tipped needles
Armour
 a - a +0 robe (worn)
 b - a +0 pair of boots (worn)
Scrolls
 d - 2 scrolls of magic mapping {unknown}
 f - a scroll of amnesia {unknown}
 h - a scroll of immolation {unknown}
Potions
 g - a potion of degeneration
Comestibles
 c - 6 rations


   Skills:
 - Level 1.7 Dodging
 - Level 1.7 Stealth
 + Level 2.3 Spellcasting
 + Level 1.7 Conjurations
 + Level 3.0 Fire Magic


You had 4 spell levels left.
You knew the following spells:

 Your Spells              Type           Power        Failure   Level  Hunger
h - Flame Tongue          Conj/Fire      #....        9%          1    #......

Your spell library contained the following spells:

 Spells                   Type           Power        Failure   Level  Hunger
 Throw Flame              Conj/Fire      #.....       13%         2    ###....
 Conjure Flame            Conj/Fire      #.......     26%         3    ###....
 Inner Flame              Hex/Fire       #.......     36%         3    ###....
 Sticky Flame             Conj/Fire      #.......     65%         4    #####..
 Fireball                 Conj/Fire      #.........   94%         5    ######.


Dungeon Overview and Level Annotations

Branches:
Dungeon (2/15)

Altars:


Innate Abilities, Weirdness & Mutations

You regenerate a little health from kills.


Message History

The adder bites you.
You are lethally poisoned!
The adder poisons you!
You miss the adder.
The adder is almost dead.
You feel sick. The adder bites you.
You are more poisoned.
The adder poisons you!
You hit the adder but do no damage.
The adder is almost dead.
You feel sick. The adder bites you.
It was a potion of degeneration.
There was something very wrong with that liquid.
You feel weakened.
You feel dopey.
You feel clumsy.
You feel sick. The adder bites you.
You are more poisoned.
The adder poisons you! The adder completely misses you.
It was a potion of might.
You feel very mighty all of a sudden.
You die...

#?# #. #.# ####.. #.#
...... #.# .....# #.#
.....# #.# .....#
##########.###.###
.....###.......).@S......
........>................
.....##############.#.###
.....# .# #
.....######### #
.............#
####.........#
#.........## ######.....#


You could see an adder.

Vanquished Creatures
  A leopard gecko (D:1)
  An orc (D:2)
  4 bats (D:1)
  A giant cockroach (D:1)
  3 goblins (D:1)
  4 kobolds (D:1)
  4 rats (D:1)
18 creatures vanquished.

Notes
Turn   | Place    | Note
-------+----------+-------------------------------------------
     0 | D:1      | Duffy the Demonspawn Fire Elementalist began the quest for
                  | the Orb.
     0 | D:1      | Reached XP level 1. HP: 13/13 MP: 3/3
   748 | D:1      | Gained mutation: You regenerate a little health from kills.
                  | [demonic ancestry]
   748 | D:1      | Reached XP level 2. HP: 19/19 MP: 1/5
  1028 | D:1      | Reached skill level 3 in Fire Magic
  1471 | D:2      | Succumbed to an adder's poison

Vault maps used:
D:1:      kilobyte_arrival_exit_the_forest, serial_forest,
          infiniplex_forest_clump_medium, infiniplex_forest_clump_curved,
          infiniplex_forest_straight_2, infiniplex_forest_fountain,
          infiniplex_forest_diagonal
D:2:      first_ration, uniq_natasha, uniq_robin

Skill      XL: |  1  2 |
---------------+-------+-----
Fire Magic     | 3 |  3.0
Dodging        | |  1.7
Stealth        | |  1.7
Spellcasting   | |  2.3
Conjurations   | |  1.7

Action                   || total
-------------------------++-------
Melee: Unarmed           ||    26
 Cast: Flame Tongue      ||    33
  Use: Potion            ||     2
  Eat: Chunk             ||     2
Armor: Robe              ||    17
Dodge: Dodged            ||    35

Table legend:
 A = Non-vault XP
 B = Vault XP
 C = Vault XP percentage of total XP
 D = Non-vault monster count
 E = Vault monster count
 F = Vault count percentage of total count
                 A         B        C        D         E       F
            +---------+---------+-------+---------+---------+-------
      Total |      31 |       0 |   0.0 |      18 |       0 |   0.0
            +---------+---------+-------+---------+---------+-------
        D:1 |      28 |       0 |   0.0 |      17 |       0 |   0.0
        D:2 |       3 |       0 |   0.0 |       1 |       0 |   0.0
            +---------+---------+-------+---------+---------+-------
